[Event "Late Titled Tuesday Blitz February 8 2022"]
[White "Iskusnyh, Sergei"]
[Black "Aaditya Dhingra"]
[WhiteFideId "4120027"]
[BlackFideId "25678191"]
[WhiteElo "2492"]
[BlackElo "1789"]
[Result "1-0"]
[Round "04"]
[TimeControl "180+1"]
[Date "2022.02.09"]
[WhiteClock "0:00:50"]
[BlackClock "0:00:02"]

1. d4 d5 2. c4 c6 3. Nf3 e6 4. e3 f5 5. Bd3 Nf6 6. O-O Bd6 7. b3 O-O 8. Ba3 Bxa3 9. Nxa3 Nbd7 10. Qc1 Ne4 11. Qb2 Rf6 12. b4 Rh6 13. b5 g5 14. g3 g4 15. Bxe4 fxe4 16. Ne5 Nxe5 17. dxe5 Rh3 18. Kg2 Qg5 19. Rh1 Bd7 20. bxc6 Bxc6 21. cxd5 exd5 22. Nc2 Re8 23. Nd4 Qxe5 24. Rac1 Qf6 25. Qe2 Qg6 26. Rc2 Rf8 27. Qd1 Ba4 28. Nb3 Qf5 29. Qe2 Qf3+ 30. Qxf3 exf3+ 31. Kf1 Bxb3 32. axb3 Rh6 33. Ke1 Rc6 34. Kd2 Rfc8 35. Ra2 a6 36. h3 gxh3 37. Rxh3 Kg7 38. g4 Rc3 39. Rb2 d4 40. Rxf3 dxe3+ 41. fxe3 R3c6 42. Rf4 Rd8+ 43. Ke2 Rc3 44. b4 Rdd3 45. Re4 Rb3 46. Rxb3 Rxb3 47. Re7+ Kg6 48. Rxb7 Kg5 49. Kf3 h5 50. gxh5 Kxh5 51. Rb6 Kg5 52. Ke4 Kh5 53. Kf4 1-0


[Site "https://www.chess.com"]

[Event "Late Titled Tuesday Blitz February 8 2022"]
[White "Jacobson, Aaron"]
[Black "Golubka, Petro"]
[WhiteFideId "2089912"]
[BlackFideId "14114224"]
[WhiteElo "2265"]
[BlackElo "2392"]
[Result "0-1"]
[Round "04"]
[TimeControl "180+1"]
[Date "2022.02.09"]
[WhiteClock "0:00:04"]
[BlackClock "0:00:22"]

1. e4 c5 2. Nf3 Nc6 3. d4 cxd4 4. Nxd4 Nf6 5. Nc3 d6 6. Bg5 e6 7. Qd2 Be7 8. O-O-O O-O 9. f4 h6 10. h4 Qa5 11. g4 Rd8 12. Kb1 a6 13. Be2 Nxe4 14. Nxe4 Qxd2 15. Rxd2 hxg5 16. Nxc6 bxc6 17. hxg5 d5 18. Bd3 f5 19. g6 fxe4 20. Rdh2 Bh4 21. Rxh4 Kf8 22. Rh8+ Ke7 23. Rxd8 Kxd8 24. Rh8+ Ke7 25. Bxa6 Rxa6 26. Rxc8 Kf6 27. f5 exf5 28. Rf8+ Kxg6 29. gxf5+ Kg5 30. a3 e3 31. Kc1 d4 32. Kd1 c5 33. Rf7 Kf4 34. Rxg7 Rh6 35. f6 Rxf6 36. Ke2 Rh6 37. Rf7+ Ke4 38. Re7+ Kd5 39. Rd7+ Kc6 40. Rf7 Rh2+ 41. Kd1 Rd2+ 42. Kc1 Rf2 0-1


[Site "https://www.chess.com"]

[Event "Late Titled Tuesday Blitz February 8 2022"]
[White "Janaszak, Dawid"]
[Black "Zhigalko, Sergei"]
[WhiteFideId "1119206"]
[BlackFideId "13502956"]
[WhiteElo "2199"]
[BlackElo "2662"]
[Result "0-1"]
[Round "04"]
[TimeControl "180+1"]
[Date "2022.02.08"]
[WhiteClock "0:00:01"]
[BlackClock "0:00:06"]

1. e4 c5 2. Nc3 Nc6 3. Bb5 Nd4 4. Nf3 e6 5. O-O a6 6. Bd3 Nxf3+ 7. Qxf3 Qc7 8. Re1 Bd6 9. Qh3 Be5 10. b3 Ne7 11. Bb2 b5 12. Nd5 exd5 13. Bxe5 Qxe5 14. exd5 Qf6 15. d6 Qxd6 16. Re3 Kd8 17. Qf3 Nc6 18. Rae1 Rf8 19. Bf5 g6 20. Rd3 Qf6 21. Qd5 Qxf5 22. Qxc6 Ra7 23. Qb6+ Rc7 24. Rd6 Qxc2 25. Rf6 Qxd2 26. Rf1 Qd4 27. Rf3 Re8 28. Rxf7 Re6 29. Rf8+ Ke7 30. Rg8 Rxb6 0-1


[Site "https://www.chess.com"]

[Event "Late Titled Tuesday Blitz February 8 2022"]
[White "Jaracz, Pawel"]
[Black "Taichman, Ori"]
[WhiteFideId "1102222"]
[BlackFideId "2804069"]
[WhiteElo "2429"]
[BlackElo "2227"]
[Result "1-0"]
[Round "04"]
[TimeControl "180+1"]
[Date "2022.02.08"]
[WhiteClock "0:00:15"]
[BlackClock "0:00:02"]

1. e4 c5 2. Nf3 Nc6 3. Bb5 d6 4. Bxc6+ bxc6 5. O-O e5 6. c3 Bg4 7. d4 cxd4 8. cxd4 Bxf3 9. gxf3 exd4 10. Qxd4 Qf6 11. Qd3 h5 12. f4 h4 13. Kh1 h3 14. Nc3 Rh5 15. Rg1 Nh6 16. f5 d5 17. Bf4 Bc5 18. exd5 Kf8 19. Ne4 Qxf5 20. Bxh6 Bd4 21. Rg3 cxd5 22. Qxd4 dxe4 23. Qxg7+ Ke7 24. Bg5+ Ke6 25. Be3 Rc8 26. Re1 Rc2 27. Qd4 1-0


[Site "https://www.chess.com"]

[Event "Late Titled Tuesday Blitz February 8 2022"]
[White "Jarocka, Liwia"]
[Black "Grigorov, Grigor"]
[WhiteFideId "21807558"]
[BlackFideId "2907313"]
[WhiteElo "1896"]
[BlackElo "2510"]
[Result "0-1"]
[Round "04"]
[TimeControl "180+1"]
[Date "2022.02.09"]
[WhiteClock "0:00:28"]
[BlackClock "0:00:27"]

1. b3 c5 2. Bb2 Nf6 3. Nf3 b6 4. g3 Bb7 5. Bg2 e6 6. O-O Be7 7. e3 O-O 8. d4 d6 9. c4 Nbd7 10. Nc3 Ne4 11. Qc2 Nxc3 12. Bxc3 Qc7 13. e4 cxd4 14. Nxd4 a6 15. Rac1 Rac8 16. Rfd1 Qb8 17. Qb2 Nf6 18. Re1 Rfd8 19. Rcd1 Qa8 20. f3 Qb8 21. Qd2 Ba8 22. Ba1 Nd7 23. f4 Bf8 24. Qf2 Re8 25. Rc1 b5 26. cxb5 axb5 27. Rc2 b4 28. Rec1 Rxc2 29. Qxc2 Nc5 30. Qe2 e5 31. fxe5 dxe5 32. Nc2 Rd8 33. h4 g6 34. Qc4 Nd3 35. Rf1 Qa7+ 36. Kh2 Nf2 37. Qe2 Bc5 38. Nxb4 h5 39. Nd5 Ng4+ 40. Kh1 Bxd5 41. exd5 Bd4 42. Bxd4 Qxd4 43. Qf3 Rd7 44. Bh3 e4 45. Qf4 Qxd5 46. Bxg4 hxg4 47. Qe3 Rc7 48. Re1 Rc2 49. Qxe4 Qd2 50. Qe8+ Kg7 51. Qe5+ Kh7 0-1


[Site "https://www.chess.com"]

[Event "Late Titled Tuesday Blitz February 8 2022"]
[White "Jobava, Baadur"]
[Black "Karttunen, Mika"]
[WhiteFideId "13601520"]
[BlackFideId "502081"]
[WhiteElo "2617"]
[BlackElo "2343"]
[Result "1-0"]
[Round "04"]
[TimeControl "180+1"]
[Date "2022.02.08"]
[WhiteClock "0:01:31"]
[BlackClock "0:00:19"]

1. b3 e5 2. Bb2 d6 3. e3 a6 4. Ne2 Nf6 5. d4 Nbd7 6. Nbc3 Be7 7. dxe5 dxe5 8. Ng3 O-O 9. Nf5 Re8 10. Nxe7+ Qxe7 11. Be2 Nf8 12. O-O Ng6 13. Nd5 Nxd5 14. Qxd5 c6 15. Qd2 Bf5 16. Rad1 Rad8 17. Qc3 f6 18. f3 Nf8 19. a4 Rxd1 20. Rxd1 Rd8 21. Rxd8 Qxd8 22. a5 h6 23. Kf2 Be6 24. Ba3 Bf5 25. Qb4 Bc8 26. Bc4+ Ne6 27. Qd6 Qxd6 28. Bxd6 Bd7 29. f4 exf4 30. exf4 f5 31. Ke3 Kf7 32. b4 g6 33. g3 h5 34. Bb3 Kf6 35. c4 c5 36. Bxc5 Nxc5 37. bxc5 Bc6 38. Kd4 Ke6 39. Bc2 Kf6 40. Bd3 Ke6 41. Bc2 Kf6 42. Bd1 Ke6 43. h3 Kf6 44. Ke3 Kg7 45. Bf3 Kf6 46. Bd5 g5 47. fxg5+ Kxg5 48. h4+ Kg4 49. Kf2 f4 50. Be6# 1-0


[Site "https://www.chess.com"]

[Event "Late Titled Tuesday Blitz February 8 2022"]
[White "Kanyamarala, Trisha"]
[Black "Kalajzic, Ivan"]
[WhiteFideId "45004722"]
[BlackFideId "14506378"]
[WhiteElo "2002"]
[BlackElo "2163"]
[Result "1-0"]
[Round "04"]
[TimeControl "180+1"]
[Date "2022.02.09"]
[WhiteClock "0:00:13"]
[BlackClock "0:00:17"]

1. c4 Nc6 2. d4 e5 3. d5 Nce7 4. Nc3 Nf6 5. e4 Ng6 6. g3 Bc5 7. Bg2 d6 8. Nge2 O-O 9. O-O h6 10. Na4 Bb6 11. b4 Bd7 12. Nxb6 axb6 13. a4 Nh7 14. Be3 f5 15. f4 exf4 16. Nxf4 Ne5 17. Qc2 Ng4 18. Bd4 Ng5 19. h3 Ne5 20. Bxe5 dxe5 21. Ng6 f4 22. Nxf8 Qxf8 23. h4 Nh3+ 24. Bxh3 Bxh3 25. Rf2 g5 26. Qc3 Qg7 27. Kh2 Bd7 28. gxf4 exf4 29. e5 Rf8 30. Raf1 Rf5 31. Re1 g4 32. Kg1 f3 33. Qe3 Qf8 34. e6 g3 35. exd7 gxf2+ 36. Kxf2 Qg7 37. Rg1 Qxg1+ 38. Kxg1 f2+ 39. Kf1 1-0


[Site "https://www.chess.com"]

[Event "Late Titled Tuesday Blitz February 8 2022"]
[White "Kashefi, Amir Hosein"]
[Black "Beulen, Marcel"]
[WhiteFideId "12557935"]
[BlackFideId "1001450"]
[WhiteElo "2098"]
[BlackElo "2349"]
[Result "0-1"]
[Round "04"]
[TimeControl "180+1"]
[Date "2022.02.09"]
[WhiteClock "0:00:10"]
[BlackClock "0:00:36"]

1. e4 d5 2. exd5 Qxd5 3. Nc3 Qa5 4. b4 Qxb4 5. Rb1 Qd6 6. d4 Nf6 7. Nf3 a6 8. g3 b5 9. Bg2 Bb7 10. Bf4 Qd8 11. a4 Nd5 12. Nxd5 Bxd5 13. axb5 axb5 14. Rxb5 e6 15. Rb1 Bd6 16. Bxd6 cxd6 17. O-O O-O 18. Qd3 Qc7 19. Ng5 g6 20. Bxd5 exd5 21. Qf3 Qxc2 22. Qxd5 Qc6 23. Qxc6 Nxc6 24. d5 Ne7 25. Rfd1 Ra5 26. Ne4 Kg7 27. Rb7 Rxd5 28. Rxd5 Nxd5 29. Nxd6 h5 30. h4 Nf6 31. Kg2 Ne8 32. Ne4 Nf6 33. Ng5 Kg8 34. Ra7 Nh7 35. Ne4 Kg7 36. Nc5 Re8 37. Nd3 Nf8 38. Nf4 Rd8 39. Rb7 Rd7 40. Rb8 Re7 41. Ra8 Ne6 42. Nd5 Rd7 43. Ne3 Nd4 44. Nc4 Nf5 45. Ne5 Re7 46. Nf3 Rd7 47. Ra2 Re7 48. Ng5 Rd7 49. Nh3 Re7 50. Nf4 Rd7 51. Kh3 Ne7 52. f3 Nd5 53. Rd2 Nxf4+ 0-1


[Site "https://www.chess.com"]

[Event "Late Titled Tuesday Blitz February 8 2022"]
[White "Khanin, Semen"]
[Black "Jacobson, Brandon"]
[WhiteFideId "4111990"]
[BlackFideId "30901561"]
[WhiteElo "2442"]
[BlackElo "2362"]
[Result "0-1"]
[Round "04"]
[TimeControl "180+1"]
[Date "2022.02.08"]
[WhiteClock "0:00:33"]
[BlackClock "0:01:30"]

1. e4 c5 2. Nf3 d6 3. d4 cxd4 4. Nxd4 Nf6 5. Nc3 Nc6 6. Bg5 e6 7. Qd2 a6 8. O-O-O Bd7 9. f3 Nxd4 10. Qxd4 Bc6 11. g4 h6 12. Be3 d5 13. e5 Nd7 14. Qf4 Qg5 15. Qxg5 hxg5 16. Bd4 Bc5 17. Bxc5 Nxc5 18. Ne2 Nd7 19. Nd4 Nxe5 20. Re1 Ng6 21. Bd3 Nf4 22. Re5 f6 23. Ree1 Kf7 24. Ne2 Rh3 25. Nxf4 gxf4 26. g5 fxg5 27. Re5 Kf6 28. Rhe1 Bd7 29. Bf1 Rxf3 30. Bg2 Rf2 31. Bh3 Rc8 32. c3 Re8 33. R1e2 Rxe2 34. Rxe2 Re7 35. Bg4 e5 0-1


[Site "https://www.chess.com"]

[Event "Late Titled Tuesday Blitz February 8 2022"]
[White "Kim, Sergey"]
[Black "Pranav, V"]
[WhiteFideId "13700570"]
[BlackFideId "25060783"]
[WhiteElo "2615"]
[BlackElo "2349"]
[Result "0-1"]
[Round "04"]
[TimeControl "180+1"]
[Date "2022.02.08"]
[WhiteClock "0:00:02"]
[BlackClock "0:00:11"]

1. d4 Nf6 2. c4 e6 3. Nc3 Bb4 4. Qc2 O-O 5. a3 Bxc3+ 6. Qxc3 d6 7. Nf3 b6 8. g3 Bb7 9. Bg2 Nbd7 10. O-O c5 11. dxc5 bxc5 12. b3 Ne4 13. Qc2 f5 14. Ng5 Qf6 15. Rb1 Qg6 16. Nh3 e5 17. f3 Nef6 18. Rd1 Ne8 19. b4 Bc6 20. Be3 Rc8 21. bxc5 Nxc5 22. Bxc5 dxc5 23. Qc3 Qe6 24. Ng5 Qe7 25. f4 Bxg2 26. Kxg2 exf4 27. gxf4 Qxe2+ 28. Kh1 Nf6 29. Re1 Qh5 30. Rg1 Rce8 31. Qd3 Ng4 32. Rg2 h6 33. Qd5+ Kh8 34. Ne6 Rf6 35. Nxc5 Kh7 36. Rbg1 Re3 37. Nd7 Qf7 38. Nxf6+ Qxf6 39. Qc5 Rh3 40. Qxa7 Qc6 0-1


[Site "https://www.chess.com"]

[Event "Late Titled Tuesday Blitz February 8 2022"]
[White "Kopylov, Alexander A."]
[Black "Shevchenko, Kirill"]
[WhiteFideId "4164857"]
[BlackFideId "14129574"]
[WhiteElo "2436"]
[BlackElo "2624"]
[Result "0-1"]
[Round "04"]
[TimeControl "180+1"]
[Date "2022.02.08"]
[WhiteClock "0:00:13"]
[BlackClock "0:00:13"]

1. e4 c5 2. Nf3 Nc6 3. d4 cxd4 4. Nxd4 Nf6 5. Nc3 d6 6. Be2 e5 7. Nf3 h6 8. O-O Be7 9. h3 O-O 10. Re1 Be6 11. Bf1 Qa5 12. Bd2 Qd8 13. Bc1 a6 14. b3 Rc8 15. Bb2 Qa5 16. a3 Nb8 17. b4 Qc7 18. Rc1 Bc4 19. Nd5 Nxd5 20. exd5 Nd7 21. Nd2 Nb6 22. Nxc4 Nxc4 23. Ba1 Bg5 24. Rb1 Nxa3 25. Rb3 Nxc2 26. Rc3 Nxe1 27. Rxc7 Rxc7 28. Bb2 Nc2 29. h4 Be7 30. Qg4 f5 31. Qg6 Rf6 32. Qe8+ Bf8 33. b5 Nd4 34. bxa6 bxa6 35. Bxa6 Kh7 36. Bc8 Re7 37. Qd8 h5 38. Ba3 Ra7 39. Bb2 Be7 40. Qe8 g6 41. Bxd4 exd4 42. Be6 Bf8 43. Qb8 Re7 44. Qb4 Bg7 45. Qxd6 Ra7 46. Qc5 Ra1+ 47. Kh2 d3 48. Qc3 Rxe6 49. Qxd3 Rd6 0-1


[Site "https://www.chess.com"]

[Event "Late Titled Tuesday Blitz February 8 2022"]
[White "Kosakowski, Jakub"]
[Black "Al-Tarboush, Ward"]
[WhiteFideId "1185080"]
[BlackFideId "7601450"]
[WhiteElo "2780"]
[BlackElo "2563"]
[Result "1-0"]
[Round "04"]
[TimeControl "180+1"]
[Date "2022.02.09"]
[WhiteClock "0:00:11"]
[BlackClock "0:00:01"]

1. e4 b6 2. d4 Bb7 3. Bd3 e6 4. Nf3 c5 5. c3 Nf6 6. Qe2 Be7 7. e5 Nd5 8. c4 Nc7 9. dxc5 bxc5 10. Nc3 Nc6 11. O-O f5 12. exf6 Bxf6 13. Ne4 Qe7 14. Bf4 e5 15. Bg3 Ne6 16. Rfe1 d6 17. Nc3 Ncd4 18. Nxd4 Nxd4 19. Qd1 O-O 20. Be4 Bg5 21. Qd3 Bxe4 22. Rxe4 Qf7 23. f3 Rab8 24. b3 a6 25. Rae1 Qf5 26. Nd5 Kh8 27. Qd1 a5 28. f4 exf4 29. Bxf4 a4 30. Bxd6 Qf2+ 31. Kh1 axb3 32. axb3 h6 33. Bxb8 Rxb8 34. Re8+ Rxe8 35. Rxe8+ Kh7 36. Qd3+ g6 37. Qd1 h5 38. Rb8 Ne2 39. Rb7+ Kh6 40. Ne7 Bxe7 41. Rxe7 Nf4 42. Qg1 Qc2 43. Re3 Nd3 44. Rf3 Qe2 45. Qe3+ 1-0


[Site "https://www.chess.com"]

[Event "Late Titled Tuesday Blitz February 8 2022"]
[White "Kosteniuk, Alexandra"]
[Black "Migot, Tangi"]
[WhiteFideId "4128125"]
[BlackFideId "662445"]
[WhiteElo "2469"]
[BlackElo "2546"]
[Result "1-0"]
[Round "04"]
[TimeControl "180+1"]
[Date "2022.02.09"]
[WhiteClock "0:00:15"]
[BlackClock "0:00:24"]

1. Nf3 c5 2. e4 b6 3. d4 cxd4 4. Nxd4 Bb7 5. Bd3 e6 6. O-O a6 7. c4 Qc7 8. Nc3 Nf6 9. f4 Bc5 10. Be3 Nc6 11. Nc2 h5 12. Bxc5 bxc5 13. e5 Ng4 14. h3 Nh6 15. Qxh5 O-O-O 16. Qe2 Nf5 17. Bxf5 Nd4 18. Nxd4 cxd4 19. Ne4 exf5 20. Nd6+ Kb8 21. Nxf7 d5 22. Nxh8 Rxh8 23. cxd5 Qc5 24. Rac1 Qxd5 25. e6 Ka8 26. e7 Re8 27. Rf3 Qd6 28. Re1 Bxf3 29. Qxf3+ Ka7 30. Qa3 Qxa3 31. bxa3 Kb6 32. Kf2 Kc5 33. Re5+ Kc4 34. Ke2 Kc3 35. a4 a5 36. g4 fxg4 37. hxg4 d3+ 38. Kd1 Kd4 39. g5 Kc3 40. a3 Rb8 41. Rb5 Rh8 42. Rc5+ Kd4 43. Re5 Re8 44. Kd2 g6 45. Re6 Kd5 46. Re3 Kc4 47. Re4+ Kb3 48. Kxd3 Kxa3 49. Ke3 Kb3 50. Kf3 1-0


[Site "https://www.chess.com"]

[Event "Late Titled Tuesday Blitz February 8 2022"]
[White "Kravtsiv, Martyn"]
[Black "Sarana, Alexey"]
[WhiteFideId "14113147"]
[BlackFideId "24133795"]
[WhiteElo "2694"]
[BlackElo "2665"]
[Result "1/2-1/2"]
[Round "04"]
[TimeControl "180+1"]
[Date "2022.02.08"]
[WhiteClock "0:00:09"]
[BlackClock "0:00:24"]

1. e4 c5 2. Nf3 d6 3. Bb5+ Bd7 4. Bxd7+ Nxd7 5. O-O e6 6. b3 Be7 7. Bb2 Bf6 8. d4 cxd4 9. Bxd4 Ne7 10. c4 O-O 11. Nc3 a6 12. Rc1 Rc8 13. Bxf6 Nxf6 14. Qd3 Qb6 15. Rfd1 Rfd8 16. h3 Nc6 17. Rd2 Nd7 18. Rcd1 Nde5 19. Qe2 Qb4 20. Qe3 b5 21. cxb5 Nxf3+ 22. gxf3 Ne5 23. Ne2 axb5 24. f4 Ng6 25. Kh2 Ne7 26. Ng3 d5 27. f5 Rc3 28. Qb6 Qd6 29. Qxd6 Rxd6 30. exd5 Rxd5 31. Ne4 Rc6 32. f6 Ng6 33. Rxd5 exd5 34. Rxd5 Rc2 35. Rxb5 Rxa2 36. Rb8+ Nf8 37. b4 Rb2 38. Kg2 gxf6 39. Nxf6+ Kg7 40. Nh5+ Kg6 41. Rxf8 Kxh5 42. Rxf7 Rxb4 43. Rxh7+ Kg6 44. Rd7 Ra4 45. Rd3 Kg5 46. Rg3+ Kf5 47. Rf3+ Kg5 48. Kg3 Rb4 49. Re3 Rb1 50. Re5+ Kf6 51. Rc5 Rg1+ 52. Kf3 Rh1 53. Kg2 Ra1 54. h4 Kg6 55. f3 Rb1 56. Rg5+ Kf6 57. Kg3 Rg1+ 58. Kf4 Rh1 59. Rg4 Rh2 60. Kg3 Rh1 61. Kg2 Re1 62. Kf2 Rh1 63. Kg3 Rg1+ 64. Kh2 Rf1 65. Kg2 Ra1 66. Rg5 Rb1 67. Kg3 Rg1+ 68. Kf4 Rh1 69. Kg4 Rg1+ 70. Kh5 Rf1 71. Rg3 Kf5 72. Kh6 Kf6 73. h5 Rf2 74. Kh7 Kf7 75. h6 Rf1 76. Kh8 Kf8 77. Kh7 Kf7 78. Rg7+ Kf8 79. Rg3 Kf7 1/2-1/2


[Site "https://www.chess.com"]

[Event "Late Titled Tuesday Blitz February 8 2022"]
[White "Krsnik Cohar, Ivan Vihor"]
[Black "Sevian, Samuel"]
[WhiteFideId "14520044"]
[BlackFideId "2040506"]
[WhiteElo "2414"]
[BlackElo "2698"]
[Result "0-1"]
[Round "04"]
[TimeControl "180+1"]
[Date "2022.02.08"]
[WhiteClock "0:00:01"]
[BlackClock "0:00:44"]

1. d4 Nf6 2. Bg5 c5 3. d5 Qb6 4. Nc3 Qxb2 5. Bd2 Qb6 6. e4 d6 7. f4 g6 8. Nf3 Bg7 9. Rb1 Qd8 10. e5 Nfd7 11. e6 fxe6 12. dxe6 Nf6 13. Ng5 O-O 14. Bd3 d5 15. Nf7 Qc7 16. Nb5 Qc6 17. Ne5 Qb6 18. Nd4 Qd8 19. Nf7 Qc7 20. Nb5 Qc6 21. Ne5 Qb6 22. Nd4 Qd8 23. Nf7 Qe8 24. Nb5 Na6 25. Ng5 c4 26. Be2 h6 27. Nf3 Bxe6 28. Nbd4 Bg4 29. Rxb7 Ne4 30. Ne5 Bxe2 31. Qxe2 Nac5 32. Rc7 Bxe5 33. fxe5 Rf2 34. Qe3 Rxd2 35. Rxc5 Rb8 36. O-O Rf2 37. Rxf2 Rb1+ 38. Rf1 Rxf1+ 39. Kxf1 Nxc5 40. Qxh6 Qf7+ 41. Kg1 Ne4 42. Nf3 Qf5 43. h3 d4 44. e6 d3 45. Qh5 0-1


[Site "https://www.chess.com"]

[Event "Late Titled Tuesday Blitz February 8 2022"]
[White "Kubatko, Ivan"]
[Black "Mustafayev, Farid"]
[WhiteFideId "24111473"]
[BlackFideId "13408771"]
[WhiteElo "2285"]
[BlackElo "2129"]
[Result "0-1"]
[Round "04"]
[TimeControl "180+1"]
[Date "2022.02.09"]
[WhiteClock "0:00:20"]
[BlackClock "0:01:34"]

1. e4 Nf6 2. e5 Nd5 3. c4 Nb6 4. d4 d6 5. exd6 cxd6 6. Nc3 g6 7. Be2 Bg7 8. Nf3 O-O 9. O-O Nc6 10. d5 Na5 11. Nd2 Bf5 12. Na4 Rc8 13. Nxb6 Qxb6 14. Qa4 Qc7 15. g4 Bd7 16. Qb4 b6 17. h3 Rfe8 18. Rb1 e6 19. Bf3 e5 20. b3 f5 21. Ba3 Nb7 22. Rfe1 a5 23. Qc3 e4 24. Qc2 exf3 25. Nxf3 Nc5 26. Bb2 Bxb2 27. Qxb2 Ne4 28. Qd4 Qc5 29. Qxc5 bxc5 0-1


[Site "https://www.chess.com"]

[Event "Late Titled Tuesday Blitz February 8 2022"]
[White "Kukula, Pawel"]
[Black "Sargsyan, Anna M."]
[WhiteFideId "1115081"]
[BlackFideId "13308130"]
[WhiteElo "2203"]
[BlackElo "2271"]
[Result "0-1"]
[Round "04"]
[TimeControl "180+1"]
[Date "2022.02.09"]
[WhiteClock "0:00:33"]
[BlackClock "0:01:17"]

1. d4 d5 2. Nf3 Nf6 3. e3 Bf5 4. c4 e6 5. Nc3 c6 6. Qb3 Qc7 7. Nh4 Bg4 8. f3 Bh5 9. g3 Bd6 10. Kf2 g5 11. Ng2 Bg6 12. c5 Be7 13. h4 Nh5 14. f4 gxh4 15. Nxh4 Nd7 16. Be2 Nhf6 17. Bf3 b6 18. cxb6 axb6 19. Bd2 c5 20. Nb5 Qb7 21. Nxg6 fxg6 22. g4 O-O 23. g5 Ne8 24. Rh3 Rf7 25. Rah1 Qa6 26. Bxd5 exd5 27. Qxd5 Nf8 28. dxc5 Rd8 29. Nd6 Bxd6 30. Rxh7 Nxh7 31. Rxh7 Kxh7 32. Qxf7+ Ng7 33. f5 Qd3 34. Bc3 Qxf5+ 0-1


[Site "https://www.chess.com"]

[Event "Late Titled Tuesday Blitz February 8 2022"]
[White "Ladan, Nicholas"]
[Black "Tregubov, Pavel V."]
[WhiteFideId "30918855"]
[BlackFideId "4115341"]
[WhiteElo "2289"]
[BlackElo "2341"]
[Result "0-1"]
[Round "04"]
[TimeControl "180+1"]
[Date "2022.02.09"]
[WhiteClock "0:00:01"]
[BlackClock "0:00:16"]

1. d4 Nf6 2. c4 e6 3. g3 Bb4+ 4. Bd2 Qe7 5. Bg2 Nc6 6. Nf3 Bxd2+ 7. Nbxd2 d6 8. O-O O-O 9. Qc2 e5 10. e3 Bg4 11. a3 e4 12. Ng5 Be2 13. Ngxe4 Bxf1 14. Rxf1 Nxe4 15. Bxe4 g6 16. Bg2 Nd8 17. b4 c6 18. b5 cxb5 19. cxb5 Ne6 20. Rc1 Qd7 21. Qb3 Rfc8 22. Rxc8+ Rxc8 23. h4 Rc1+ 24. Kh2 Qc7 25. Ne4 Kg7 26. d5 Qc2 27. Qxc2 Rxc2 28. dxe6 fxe6 29. Nxd6 Rxf2 30. Nxb7 Ra2 31. Kh3 Rxa3 32. e4 Kf6 33. Nc5 Ke5 34. Kg4 h5+ 35. Kh3 Ra5 36. Bf1 Ra1 37. Be2 Ra2 38. Bf1 Rc2 39. Nd7+ Kxe4 40. Nf8 Rf2 41. Bg2+ Kf5 42. Bc6 Rc2 43. Be8 Rc8 44. Bxg6+ Kf6 45. Nd7+ Kxg6 46. b6 axb6 47. Nxb6 Rc6 48. Nd7 Kf5 49. Nb8 Rd6 0-1


[Site "https://www.chess.com"]

[Event "Late Titled Tuesday Blitz February 8 2022"]
[White "Laith, Kasib"]
[Black "Meduri, Aakaash"]
[WhiteFideId "4801059"]
[BlackFideId "2032252"]
[WhiteElo "1982"]
[BlackElo "2047"]
[Result "0-1"]
[Round "04"]
[TimeControl "180+1"]
[Date "2022.02.09"]
[WhiteClock "0:00:50"]
[BlackClock "0:01:46"]

1. Nf3 d5 2. g3 c5 3. Bg2 g6 4. O-O Bg7 5. d3 Nf6 6. Nbd2 O-O 7. e4 Nc6 8. Re1 Re8 9. c3 dxe4 10. dxe4 e5 11. Qc2 Be6 12. Ng5 Qc7 13. Nxe6 Rxe6 14. Nc4 b5 15. Ne3 Ne7 16. Nd5 Nfxd5 17. exd5 Rd6 18. f4 f6 19. c4 bxc4 20. Qxc4 Rad8 21. fxe5 fxe5 22. Bg5 h6 23. Bxe7 Qxe7 24. Qxc5 R8d7 25. Rad1 Rc7 26. Qf2 Kh7 27. Be4 Qe8 28. Rf1 Qa4 29. b3 Qxe4 30. Rfe1 Qf5 31. Qd2 Rc2 0-1


[Site "https://www.chess.com"]

[Event "Late Titled Tuesday Blitz February 8 2022"]
[White "Levine, David"]
[Black "Adewumi, Tanitoluwa"]
[WhiteFideId "2011611"]
[BlackFideId "30966396"]
[WhiteElo "2125"]
[BlackElo "2441"]
[Result "0-1"]
[Round "04"]
[TimeControl "180+1"]
[Date "2022.02.09"]
[WhiteClock "0:00:04"]
[BlackClock "0:00:46"]

1. d4 Nf6 2. c4 g6 3. g3 Bg7 4. Bg2 O-O 5. Nf3 d6 6. O-O Bg4 7. h3 Bxf3 8. Bxf3 c6 9. Nc3 Nbd7 10. e4 e5 11. Be3 Re8 12. Bg2 Qe7 13. Re1 Rad8 14. d5 c5 15. a3 a6 16. b4 cxb4 17. axb4 Rc8 18. Bf1 b5 19. Rxa6 bxc4 20. Qa4 Nb8 21. Ra7 Nfd7 22. Ra1 f5 23. f3 f4 24. Bf2 fxg3 25. Bxg3 Qg5 26. Kh2 Nf6 27. Ra2 Nh5 28. Bf2 Qf4+ 29. Kg2 Qg5+ 30. Kh1 Ng3+ 31. Bxg3 Qxg3 32. Qd1 Bh6 33. Rg2 Qh4 34. Rg4 Qf2 35. Ra2 Qe3 36. Rc2 Rf8 37. Bg2 Nd7 38. Nb5 Rf6 39. Re2 Qd3 0-1


[Site "https://www.chess.com"]

[Event "Late Titled Tuesday Blitz February 8 2022"]
[White "Li, Hui"]
[Black "Debray, Christopher"]
[WhiteFideId "15400310"]
[BlackFideId "630810"]
[WhiteElo "1954"]
[BlackElo "2369"]
[Result "1/2-1/2"]
[Round "04"]
[TimeControl "180+1"]
[Date "2022.02.09"]
[WhiteClock "0:00:04"]
[BlackClock "0:00:03"]

1. e4 c6 2. d4 d5 3. Nd2 dxe4 4. Nxe4 Bf5 5. Ng3 Bg6 6. h4 h6 7. Nf3 Nd7 8. h5 Bh7 9. Bd3 Bxd3 10. Qxd3 e6 11. Bd2 Ngf6 12. O-O-O Be7 13. Ne4 O-O 14. Kb1 c5 15. dxc5 Nxc5 16. Nxf6+ Bxf6 17. Qxd8 Rfxd8 18. Be3 Na4 19. c3 Rxd1+ 20. Rxd1 Bxc3 21. Rd7 Bxb2 22. Rxb7 Bf6 23. Bxa7 Nc3+ 24. Kc2 Nxa2 25. Rb8+ Rxb8 26. Bxb8 Nb4+ 27. Kd2 Kh7 28. g4 g6 29. hxg6+ Kxg6 30. Ke2 Nd5 31. Be5 Bxe5 32. Nxe5+ Kf6 33. Nf3 e5 34. Nd2 Kg5 35. f3 Kf4 36. Ne4 Ne7 37. Nf6 Nc6 38. Nh5+ Kg5 39. Ng3 Nd4+ 40. Kf2 Kf4 41. Nh5+ Kg5 42. Ng3 f6 43. Ne4+ Kg6 44. Ng3 Ne6 45. Ne4 Nf4 46. Nd6 Kg5 47. Nf7+ Kg6 48. Nd6 Ne6 49. Nf5 Ng7 50. Nd6 Ne6 51. Nf5 h5 52. Ne3 h4 53. Kg2 Kg5 54. Nf5 Nd4 55. Ne3 Kf4 56. Nd5+ Kg5 57. Ne3 Ne6 58. Kh3 Nd4 59. Kg2 1/2-1/2


[Site "https://www.chess.com"]

[Event "Late Titled Tuesday Blitz February 8 2022"]
[White "Lopez Del Alamo, Antonio"]
[Black "Bauer, Thomas"]
[WhiteFideId "2227339"]
[BlackFideId "1639293"]
[WhiteElo "2082"]
[BlackElo "2220"]
[Result "0-1"]
[Round "04"]
[TimeControl "180+1"]
[Date "2022.02.09"]
[WhiteClock "0:01:18"]
[BlackClock "0:01:08"]

1. e4 c5 2. Nf3 e6 3. d3 d5 4. Nbd2 Nc6 5. g3 Nf6 6. Bg2 Be7 7. O-O O-O 8. e5 Nd7 9. Re1 Qc7 10. Qe2 b5 11. Nf1 Bb7 12. Bf4 Rfc8 13. h4 Qd8 14. N1h2 Qf8 15. Ng5 h6 16. Qh5 hxg5 17. hxg5 Nd4 18. Rac1 b4 19. c3 bxc3 20. bxc3 g6 21. Qh3 Nf5 22. Ng4 Qg7 23. Nf6+ Bxf6 24. exf6 Qh7 25. Qxh7+ Kxh7 26. g4 Nh4 27. Bh1 Rh8 28. Bg3 Kg8 29. d4 c4 30. Rb1 Nb6 31. a4 Bc6 32. a5 Na4 33. Rec1 a6 34. f4 Bb5 35. Rc2 Kf8 36. Rbc1 Ke8 37. Rh2 Kd7 38. Rxh4 Rxh4 39. Bxh4 Rh8 40. Be1 Nb2 41. Bg2 Nd3 42. Rb1 Nxf4 43. Bg3 Ne2+ 44. Kf2 Nxc3 45. Ke3 Nxb1 0-1


[Site "https://www.chess.com"]